[Event "ICCopen2017"]
[Site "Internet Chess Club"]
[Date "2017.03.19"]
[Round "9"]
[White "fishbein"]
[Black "eltigrecu"]
[Result "1-0"]
[ICCResult "Black resigns"]
[WhiteElo "2609"]
[BlackElo "1968"]
[Opening "Sicilian: Pelikan (Lasker/Sveshnikov) variation"]
[ECO "B33"]
[NIC "SI.35"]
[Time "20:48:27"]
[TimeControl "180+0"]

1. e4 c5 2. Nf3 Nc6 3. d4 cxd4 4. Nxd4 Nf6 5. Nc3 e5 6. Ndb5 d6 7. Nd5 Nxd5
8. exd5 Nb8 9. c4 a6 10. Nc3 Be7 11. Bd3 O-O 12. O-O f5 13. f3 Bf6 14. Be3
g6 15. Qd2 Nd7 16. b4 a5 17. a3 b6 18. Rae1 Ba6 19. g4 fxg4 20. fxg4 Rc8 21.
b5 Bb7 22. Ne4 Bg7 23. Bg5 Qc7 24. Be7 Rxf1+ 25. Rxf1 Bf8 26. Qg5 Nc5 27.
Rxf8+ Rxf8 28. Bxf8 Nxe4 29. Qe7 Qxe7 30. Bxe7 Nc5 31. Bc2 Kf7 32. Bxd6 Nd7
33. Kf2 Kf6 34. Ke3 h5 35. h3 hxg4 36. hxg4 g5 37. Bf5 Nc5 38. Bc7 Na4 39.
Bd8+ Kf7 40. Bxg5 Nb2 41. Bd3 Nd1+ 42. Kd2 Nf2 43. Bf5 Ke8 44. Be3 Nh3 45.
Bxb6 a4 46. Bc7 e4 47. Bxe4 Kd7 48. Be5 Ng5 49. Bf5+ Ke7 50. Kc3 Nf3 51. Bf4
Kf6 52. d6 Nh4 53. c5 Nxf5 54. gxf5 Kxf5 55. c6 Bc8 56. d7 Bxd7 57. cxd7
Kxf4 58. d8=Q Ke5 59. b6 {Black resigns} 1-0

[Event "ICCopen2017"]
[Site "Internet Chess Club"]
[Date "2017.03.19"]
[Round "9"]
[White "bennywins"]
[Black "DavidXanatoss"]
[Result "0-1"]
[ICCResult "White checkmated"]
[WhiteElo "1447"]
[BlackElo "1563"]
[Opening "Modern defense"]
[ECO "A40"]
[NIC "QO.17"]
[Time "20:49:33"]
[TimeControl "180+0"]

1. d4 g6 2. c4 Bg7 3. Nc3 d6 4. Nf3 Nc6 5. Bf4 Bg4 6. e3 Bxf3 7. Qxf3 Nh6 8.
h3 O-O 9. Bd3 e5 10. Bxh6 Bxh6 11. d5 Ne7 12. g4 Bg7 13. Kd1 c6 14. h4 cxd5
15. Nxd5 Nxd5 16. Qxd5 Qb6 17. b3 Rad8 18. h5 g5 19. Qe4 f5 20. gxf5 Rf6 21.
h6 Bh8 22. Qd5+ Kf8 23. Rg1 Qc5 24. Rxg5 Qxd5 25. cxd5 Rxh6 26. Ke2 e4 27.
Rag1 exd3+ 28. Kxd3 Kf7 29. f4 Rc8 30. e4 Rc3+ 31. Kd2 Rh2+ 32. Kd1 Rd3+ 33.
Kc1 Rxa2 34. e5 dxe5 35. fxe5 Bxe5 36. Rh5 Ra1+ 37. Kc2 Rc3+ 38. Kd2 Rxg1
39. Rxh7+ Kf6 40. Rh6+ Kg5 41. Rh7 Rg2+ 42. Kd1 Rxb3 43. Rh8 Rb1#
{White checkmated}
0-1

[Event "ICCopen2017"]
[Site "Internet Chess Club"]
[Date "2017.03.19"]
[Round "9"]
[White "sec7"]
[Black "ivancele"]
[Result "0-1"]
[ICCResult "White resigns"]
[WhiteElo "1276"]
[BlackElo "1462"]
[Opening "Pirc: Ufimtsev-Pytel variation"]
[ECO "B07"]
[NIC "PU.08"]
[Time "20:49:42"]
[TimeControl "180+0"]

1. e4 d6 2. d4 Nf6 3. Nc3 c6 4. e5 dxe5 5. dxe5 Qxd1+ 6. Nxd1 Ng4 7. Bf4 Nd7
8. h3 Ngxe5 9. Be2 Ng6 10. Bg3 e6 11. Nc3 Bb4 12. Nf3 O-O 13. O-O Bxc3 14.
bxc3 Nb6 15. Rab1 Nd5 16. Bd6 Rd8 17. Bb4 a5 18. Bc5 Nxc3 19. Rbe1 Nxe2+ 20.
Rxe2 Rd5 21. Ba3 b5 22. Bb2 Ba6 23. Rd2 Rad8 24. Rfd1 Rxd2 25. Rxd2 Rxd2 26.
Nxd2 Kf8 27. Nb3 a4 28. Nc5 Bc8 29. Bc3 f6 30. g3 Ke7 31. Kg2 e5 32. Bb4 Kf7
33. Kf3 Ne7 34. Ke4 Bf5+ 35. Ke3 Bxc2 36. Ne4 Nd5+ 37. Kf3 Bxe4+ 38. Kxe4
Nxb4 39. a3 Nc2 40. Kd3 Nxa3 41. Kc3 c5 42. Kb2 b4 43. f3 c4 44. g4 Ke6 45.
h4 g6 46. h5 gxh5 47. gxh5 f5 48. h6 Kf6 49. Ka2 Kg6 50. Kb2 Kxh6
{White resigns}
0-1

[Event "ICCopen2017"]
[Site "Internet Chess Club"]
[Date "2017.03.19"]
[Round "9"]
[White "ajam"]
[Black "iragefree"]
[Result "1-0"]
[ICCResult "Black resigns"]
[WhiteElo "1892"]
[BlackElo "1647"]
[Opening "English: symmetrical variation"]
[ECO "A33"]
[NIC "EO.64"]
[Time "20:49:10"]
[TimeControl "180+0"]

1. c4 c5 2. Nf3 Nc6 3. d4 cxd4 4. Nxd4 Nf6 5. Nc3 e6 6. e4 a6 7. f3 Be7 8.
Be3 O-O 9. Be2 Qc7 10. Rc1 Qb8 11. O-O d6 12. Qd2 Bd7 13. Rfd1 Re8 14. Bf1
Nxd4 15. Bxd4 e5 16. Be3 Be6 17. Qf2 b5 18. cxb5 axb5 19. Bxb5 Rd8 20. a4
Bb3 21. Rd2 d5 22. exd5 Nxd5 23. Nxd5 Bxd5 24. Rcd1 Bb3 25. Rxd8+ Bxd8 26.
Ra1 Bf6 27. Qd2 Qb7 28. Qb4 Be6 29. Rd1 h6 30. Kf2 Bf5 31. Rd2 e4 32. f4 Rc8
33. a5 Rb8 34. a6 Qxb5 35. Qxb5 Rxb5 36. a7 Ra5 37. b4 Ra3 38. b5 g5 39. g3
gxf4 40. gxf4 Bh4+ 41. Kg2 Kg7 42. Bd4+ Kg6 43. b6 Bh3+ 44. Kh1 e3 45. Re2
Rd3 46. Bxe3 Rd1+ 47. Bg1 Bg4 48. Rg2 Kf5 49. a8=Q Bf6 50. Qc8+ Kxf4 51.
Qxg4+ {Black resigns} 1-0

[Event "ICCopen2017"]
[Site "Internet Chess Club"]
[Date "2017.03.19"]
[Round "9"]
[White "Mangus"]
[Black "P10"]
[Result "0-1"]
[ICCResult "White checkmated"]
[WhiteElo "1292"]
[BlackElo "1537"]
[Opening "Queen's pawn game"]
[ECO "A45"]
[NIC "QP.07"]
[Time "20:49:08"]
[TimeControl "180+0"]

1. d4 Nf6 2. e3 c5 3. c3 d5 4. f4 Bf5 5. Nf3 Nc6 6. Bd3 Bxd3 7. Qxd3 e6 8.
O-O Be7 9. Ne5 O-O 10. Nd2 a6 11. Qe2 Nd7 12. Qh5 f6 13. Ng4 Re8 14. Nf3 Bf8
15. Qh3 cxd4 16. exd4 b5 17. a3 Rc8 18. Qg3 Kh8 19. Nh4 Na5 20. Qh3 Kg8 21.
Be3 Nc4 22. Bf2 Nxb2 23. Ne3 Rxc3 24. f5 e5 25. dxe5 d4 26. Nd1 Rxh3 27.
gxh3 Nxd1 28. Raxd1 fxe5 29. Rfe1 Nf6 30. Kh1 Nd5 31. Kg1 Nc3 32. Rd3 Bxa3
33. Kh1 b4 34. Kg1 b3 35. Nf3 Qd5 36. Ng5 b2 37. Rxc3 dxc3 38. Rb1 c2 39.
Rxb2 Bxb2 40. Be1 c1=Q 41. Kf2 Bd4+ 42. Ke2 e4 43. Nxe4 Rxe4+ 44. Kf1 Qxe1+
45. Kg2 Rg4# {White checkmated} 0-1

[Event "ICCopen2017"]
[Site "Internet Chess Club"]
[Date "2017.03.19"]
[Round "9"]
[White "K-Georgiev"]
[Black "burbur"]
[Result "1-0"]
[ICCResult "Black resigns"]
[WhiteElo "2951"]
[BlackElo "2476"]
[Opening "Saragossa opening"]
[ECO "A00"]
[NIC "VO.12"]
[Time "20:48:55"]
[TimeControl "180+0"]

1. c3 d5 2. d4 c6 3. Bf4 Bf5 4. e3 Qb6 5. Qb3 e6 6. Nd2 Nd7 7. Ngf3 Ngf6 8.
h3 Ne4 9. Nxe4 Bxe4 10. Be2 Be7 11. O-O O-O 12. Nd2 Bg6 13. c4 Rfe8 14. Rfc1
Bf8 15. a3 Qxb3 16. Nxb3 dxc4 17. Bxc4 e5 18. Bg3 exd4 19. Nxd4 Nb6 20. Bf1
Rad8 21. a4 Nd5 22. a5 a6 23. Ra4 c5 24. Nb3 Nf6 25. Bh4 Re6 26. Rac4 Rc6
27. f3 Rdc8 28. e4 Ne8 29. Bf2 f6 30. Nxc5 Bf7 31. R4c3 Bxc5 32. Bxc5 Be6
33. Kf2 Kf7 34. g4 Rd8 35. Ke3 g6 36. f4 f5 37. Bg2 fxg4 38. hxg4 Bxg4 39.
e5 Rc7 40. Bb6 Rxc3+ 41. Rxc3 Rd7 42. b4 Be6 43. Rc5 h5 44. b5 axb5 45. Rxb5
Ng7 46. Bc5 Nf5+ 47. Kf2 Rd2+ 48. Kg1 Bc8 49. Bxb7 Bxb7 50. Rxb7+ Ke6 51. a6
Ra2 52. a7 Nh4 53. Rb8 Nf3+ 54. Kf1 Rd2 55. a8=Q {Black resigns} 1-0

[Event "ICCopen2017"]
[Site "Internet Chess Club"]
[Date "2017.03.19"]
[Round "9"]
[White "Chamanx"]
[Black "Zephyr"]
[Result "0-1"]
[ICCResult "White checkmated"]
[WhiteElo "1304"]
[BlackElo "1557"]
[Opening "Ruy Lopez: Möller defense"]
[ECO "C78"]
[NIC "RL.12"]
[Time "20:49:55"]
[TimeControl "180+0"]

1. e4 e5 2. Nf3 Nc6 3. Bb5 a6 4. Ba4 Nf6 5. O-O Bc5 6. c3 b5 7. Bc2 O-O 8.
d4 exd4 9. cxd4 Ba7 10. Bg5 h6 11. e5 hxg5 12. exf6 Qxf6 13. d5 Nb4 14. Nc3
Bb7 15. Bb3 c5 16. a3 c4 17. axb4 cxb3 18. Qxb3 g4 19. Ne1 Rac8 20. Ne4 Qf4
21. Qd3 Rc4 22. Nd2 Rd4 23. Qc3 Qxd2 24. Qxd2 Rxd2 25. Rc1 Bb6 26. Nc2 Re8
27. Ne3 Bxe3 28. fxe3 Bxd5 29. Rc5 Rxg2+ 30. Kh1 Rd2+ 31. Kg1 Bc6 32. Rf2
Rd1+ 33. Rf1 Rd3 34. Rcf5 f6 35. h4 Rexe3 36. Kh2 Re2+ 37. R1f2 Rh3+ 38. Kg1
Rh1# {White checkmated} 0-1

[Event "ICCopen2017"]
[Site "Internet Chess Club"]
[Date "2017.03.19"]
[Round "9"]
[White "Massada"]
[Black "kaimann"]
[Result "0-1"]
[ICCResult "White forfeits on time"]
[WhiteElo "1482"]
[BlackElo "1860"]
[Opening "Alekhine's defense: modern, Schmid variation"]
[ECO "B02"]
[NIC "AL.10"]
[Time "20:49:40"]
[TimeControl "180+0"]

1. e4 Nf6 2. e5 Nd5 3. Nf3 Nb6 4. d4 d6 5. Bf4 Bg4 6. h3 Bh5 7. g4 Bg6 8.
Bg2 e6 9. Nbd2 Be7 10. h4 h6 11. h5 Bh7 12. c3 d5 13. Qe2 c5 14. Qe3 cxd4
15. cxd4 Nc6 16. g5 Nb4 17. Rc1 Nd3+ 18. Kd1 Nxc1 19. Kxc1 Rc8+ 20. Kd1 Qc7
21. Nb3 Qc2+ 22. Ke1 Nc4 23. Qe2 Qb1+ 24. Nc1 Nxb2 25. Qd2 Nd3+ 26. Ke2 Rc2
27. Nxd3 Rxd2+ 28. Bxd2 Qxd3+ 29. Kd1 hxg5 30. Bf1 Qxf3+
{White forfeits on time}
0-1

[Event "ICCopen2017"]
[Site "Internet Chess Club"]
[Date "2017.03.19"]
[Round "9"]
[White "ladrife"]
[Black "geilgambler"]
[Result "0-1"]
[ICCResult "White forfeits on time"]
[WhiteElo "1481"]
[BlackElo "1774"]
[Opening "Modern defense"]
[ECO "A40"]
[NIC "KI.77"]
[Time "20:48:56"]
[TimeControl "180+0"]

1. d4 g6 2. c4 Bg7 3. Nc3 c5 4. e3 Nf6 5. Nf3 O-O 6. Be2 b6 7. d5 Qc7 8. e4
Ng4 9. Nb5 Qd8 10. Bf4 d6 11. Nc3 Nd7 12. h3 Nge5 13. Qd2 Nxf3+ 14. Bxf3 Ne5
15. b3 Nxf3+ 16. gxf3 Re8 17. Be3 e6 18. h4 Qf6 19. Rc1 Qxf3 20. Rf1 exd5
21. exd5 Bg4 22. Ne2 Re4 23. Ng1 Qf6 24. f3 Qxh4+ 25. Ke2 Bh5 26. Kd3 Rd4+
27. Bxd4 Qxd4+ 28. Kc2 Qb2+ {White forfeits on time} 0-1

[Event "ICCopen2017"]
[Site "Internet Chess Club"]
[Date "2017.03.19"]
[Round "9"]
[White "Heian"]
[Black "ComeonJimtal"]
[Result "0-1"]
[ICCResult "White forfeits on time"]
[WhiteElo "1483"]
[BlackElo "1704"]
[Opening "French: advance variation"]
[ECO "C02"]
[NIC "FR.03"]
[Time "20:49:22"]
[TimeControl "180+0"]

1. e4 d5 2. e5 e6 3. d4 c6 4. c3 Nd7 5. Nf3 g6 6. Bd3 Bg7 7. Be3 Ne7 8. h3
O-O 9. Qc1 f6 10. exf6 Bxf6 11. Bh6 Re8 12. O-O c5 13. dxc5 Nxc5 14. Bc2 Nf5
15. Bg5 e5 16. Bxf6 Qxf6 17. Qd2 Be6 18. Na3 h6 19. Nb5 Rad8 20. Nc7 Ne4 21.
Qe1 Rf8 22. Nxe6 Qxe6 23. Bxe4 dxe4 24. Qxe4 Rde8 25. Rfe1 Qf6 26. Qxb7 Re7
27. Qd5+ Kg7 28. Rxe5 Rxe5 29. Qxe5 g5 30. Re1 Qxe5 31. Rxe5 Kf6 32. Rb5 Rf7
33. Kf1 Re7 34. Rb4 h5 35. Nd4 Nd6 36. f3 h4 37. Kf2 Re5 38. a4 Rd5 39. Nb5
Nf5 40. Nd4 Nd6 41. Rb8 Kf7 42. Rd8 Ke7 43. Rh8 Nf7 44. Rh7 Kf6 45. Ke3 Re5+
46. Kd3 Re1 {White forfeits on time} 0-1

[Event "ICCopen2017"]
[Site "Internet Chess Club"]
[Date "2017.03.19"]
[Round "9"]
[White "lustigbridge"]
[Black "Mercury"]
[Result "1-0"]
[ICCResult "Black forfeits on time"]
[WhiteElo "1853"]
[BlackElo "2187"]
[Opening "Sicilian: Taimanov variation"]
[ECO "B46"]
[NIC "SI.39"]
[Time "20:48:50"]
[TimeControl "180+0"]

1. e4 c5 2. Nf3 e6 3. d4 cxd4 4. Nxd4 Nc6 5. Nc3 a6 6. g3 Qc7 7. Bg2 Nf6 8.
O-O Nxd4 9. Qxd4 Bc5 10. Qd3 O-O 11. Bf4 d6 12. Rad1 Ne8 13. Na4 e5 14. Be3
Be6 15. Nxc5 dxc5 16. Qa3 b6 17. f4 Nd6 18. f5 Bc4 19. Rfe1 f6 20. b4 Nb5
21. Qb2 Nd4 22. c3 Nb5 23. a4 Nd6 24. a5 Rab8 25. axb6 Rxb6 26. Bxc5 Rc6 27.
Qd2 Rd8 28. Qf2 Nb7 29. Rxd8+ Qxd8 30. Bf3 Nxc5 31. bxc5 Qd3 32. Be2 Qxc3
33. Rd1 Bxe2 34. Qxe2 Qxc5+ 35. Kg2 Rd6 36. Qa2+ Kf8 37. Rb1 g6 38. Rb8+ Ke7
39. Qg8 Qc2+ 40. Kh3 {Black forfeits on time} 1-0

[Event "ICCopen2017"]
[Site "Internet Chess Club"]
[Date "2017.03.19"]
[Round "9"]
[White "NEO2017"]
[Black "EngHany"]
[Result "0-1"]
[ICCResult "White checkmated"]
[WhiteElo "1711"]
[BlackElo "1826"]
[Opening "QGD Slav: Breyer variation"]
[ECO "D10"]
[NIC "SL.01"]
[Time "20:48:27"]
[TimeControl "180+0"]

1. d4 c6 2. c4 d5 3. Nd2 Nf6 4. Ngf3 e6 5. g3 Nbd7 6. Bg2 Bd6 7. O-O O-O 8.
b3 b6 9. Bb2 Bb7 10. Qc2 Rc8 11. e4 dxe4 12. Nxe4 Nxe4 13. Qxe4 c5 14. Qxb7
cxd4 15. Nxd4 Be5 16. Qf3 Qf6 17. Qxf6 Bxf6 18. Rad1 Nc5 19. Ba1 h6 20. Nb5
Bxa1 21. Rxa1 a6 22. Na7 Rc7 23. Nc6 Rfc8 24. Ne5 f6 25. Nf3 e5 26. Rfd1 Kf7
27. Ne1 e4 28. b4 Ne6 29. Bxe4 Rxc4 30. Rd7+ Ke8 31. Rb7 Rc1 32. Bg6+ Kd8
33. Rxc1 Rxc1 34. Kf1 Ng5 35. Ke2 Ra1 36. Rxb6 Rxa2+ 37. Kf1 Ra1 38. Ke2
Ra2+ 39. Nc2 Kc7 40. Bf7 Rxc2+ 41. Kd3 Rxf2 42. Rxa6 Kb7 43. Rd6 Kc7 44. Ra6
Rf3+ 45. Ke2 Rc3 46. Bg6 Rb3 47. Ra7+ Kd6 48. Rxg7 Rxb4 49. Bf5 Ke5 50. g4
Rb2+ 51. Kf1 Rxh2 52. Re7+ Kf4 53. Ra7 Nf3 54. Ra4+ Kg3 55. Ra3 Rf2#
{White checkmated}
0-1

[Event "ICCopen2017"]
[Site "Internet Chess Club"]
[Date "2017.03.19"]
[Round "9"]
[White "zxgifteD"]
[Black "Speirs"]
[Result "0-1"]
[ICCResult "White forfeits on time"]
[WhiteElo "2157"]
[BlackElo "1789"]
[Opening "Vienna game"]
[ECO "C28"]
[NIC "VG.04"]
[Time "20:49:15"]
[TimeControl "180+0"]

1. e4 e5 2. Nc3 Nc6 3. Bc4 Nf6 4. d3 Bc5 5. h3 O-O 6. Nge2 h6 7. f4 d6 8. f5
Na5 9. a3 Nxc4 10. dxc4 Nh5 11. g3 c6 12. Qd3 Nf6 13. Be3 Qb6 14. Bxc5 dxc5
15. O-O-O Qa5 16. g4 b5 17. cxb5 cxb5 18. Nxb5 Ba6 19. c4 Bxb5 20. cxb5 c4
21. Qc3 Qxb5 22. Ng3 Rab8 23. Rd6 Nd7 24. Rd5 Qc6 25. h4 Rb3 26. Qe1 c3 27.
Ne2 cxb2+ 28. Kb1 Rxa3 29. Kxb2 Re3 30. Qd2 Rb8+ 31. Ka1 Ra3+
{White forfeits on time}
0-1

[Event "ICCopen2017"]
[Site "Internet Chess Club"]
[Date "2017.03.19"]
[Round "9"]
[White "CadiZKilleR"]
[Black "fueguino"]
[Result "0-1"]
[ICCResult "White checkmated"]
[WhiteElo "1566"]
[BlackElo "1864"]
[Opening "Queen's pawn game, Darooha variation "]
[ECO "D02"]
[NIC "QP.06"]
[Time "20:49:57"]
[TimeControl "180+0"]

1. Nf3 Nf6 2. d4 d5 3. c3 c6 4. Bg5 Bf5 5. Nh4 Bg4 6. h3 Bh5 7. g4 Ne4 8.
Bf4 e5 9. dxe5 Qxh4 10. Rh2 Bg6 11. Na3 Bc5 12. e3 O-O 13. Nc2 Nd7 14. Qe2
Qe7 15. O-O-O Nxe5 16. h4 Nc4 17. h5 Nxc3 18. bxc3 Ba3+ 19. Kb1 Qf6 20. Qe1
c5 21. hxg6 Qb6+ 22. Nb4 cxb4 23. Bxc4 dxc4 24. Kc2 b3+ 25. axb3 Qxb3+ 26.
Kd2 Qb2# {White checkmated} 0-1

[Event "ICCopen2017"]
[Site "Internet Chess Club"]
[Date "2017.03.19"]
[Round "9"]
[White "manest"]
[Black "Buscapina"]
[Result "0-1"]
[ICCResult "White checkmated"]
[WhiteElo "2794"]
[BlackElo "2053"]
[Opening "Catalan: open, 5.Nf3"]
[ECO "E04"]
[NIC "CA.03"]
[Time "20:49:04"]
[TimeControl "180+0"]

1. d4 e6 2. c4 d5 3. Nf3 Nf6 4. g3 dxc4 5. Bg2 Nc6 6. Qa4 Nd7 7. Qxc4 Nb6 8.
Qb5 a6 9. Qd3 e5 10. Nxe5 Nb4 11. Qd1 Qxd4 12. Qxd4 Nc2+ 13. Kd1 Nxd4 14. e3
Nf5 15. Nc3 Nd6 16. b3 Be7 17. Bb2 O-O 18. Ke2 Bf6 19. Ng4 Bxg4+ 20. f3 Bd7
21. Rhd1 Nb5 22. Rac1 Nxc3+ 23. Bxc3 Bb5+ 24. Ke1 Bxc3+ 25. Rxc3 Bc6 26. e4
Rad8 27. Rcd3 Rxd3 28. Rxd3 f5 29. exf5 Rxf5 30. Rd8+ Kf7 31. Kf2 Rd5 32.
Rh8 Rd2+ 33. Kg1 h6 34. a4 a5 35. h4 Rb2 36. g4 Rxb3 37. g5 hxg5 38. hxg5
Bxf3 39. Bh3 Bd5 40. Bf5 Rg3+ 41. Kh2 Rxg5 42. Bd3 Rg2+ 43. Kh3 Rg1 44. Rd8
Ke7 45. Rb8 Nxa4 46. Ra8 b6 47. Ra7 Kd6 48. Bb5 Nc5 49. Kh2 Rg2+ 50. Kh3 Rb2
51. Be8 a4 52. Kg3 Rb3+ 53. Kf4 a3 54. Bg6 Rb4+ 55. Ke3 a2 56. Bc2 Ra4 57.
Bxa4 a1=Q 58. Ra8 Nxa4 59. Rd8+ Kc5 60. Rf8 Qe5+ 61. Kf2 b5 62. Kf1 b4 63.
Rf2 b3 64. Kg1 b2 65. Rc2+ Nc3 66. Rxb2 Qg3+ 67. Kf1 Bc4+ 68. Re2 Bxe2#
{White checkmated}
0-1

[Event "ICCopen2017"]
[Site "Internet Chess Club"]
[Date "2017.03.19"]
[Round "9"]
[White "shredded"]
[Black "wagnerbi"]
[Result "1-0"]
[ICCResult "Black resigns"]
[WhiteElo "2737"]
[BlackElo "1983"]
[Opening "Queen's pawn: London system"]
[ECO "A45"]
[NIC "QP.07"]
[Time "20:49:27"]
[TimeControl "180+0"]

1. d4 Nf6 2. Bf4 g6 3. e3 Bg7 4. Nf3 O-O 5. h3 d6 6. Bh2 Re8 7. c3 Nbd7 8.
a4 b6 9. a5 Bb7 10. Qa4 c5 11. Nbd2 Qc8 12. Be2 Bc6 13. Qb3 Bd5 14. Bc4 Bxc4
15. Qxc4 cxd4 16. Qxc8 Rexc8 17. exd4 Nd5 18. axb6 axb6 19. Ke2 b5 20. Kd3
N7b6 21. Rhe1 e6 22. Bxd6 Nc4 23. Rxa8 Rxa8 24. Nxc4 bxc4+ 25. Kxc4 Ra6 26.
Bc5 Nf4 27. Rg1 Ra4+ 28. Kb3 Ra8 29. Kc2 Rc8 30. h4 e5 31. g3 Nd5 32. Rd1 e4
33. Ng5 e3 34. c4 e2 35. Re1 Nf6 36. Rxe2 h6 37. Nf3 Ng4 38. b4 f5 39. b5
Nf6 40. b6 Ne4 41. Rxe4 fxe4 42. Nd2 Kf7 43. Nxe4 Ke6 44. Kd3 Kd7 45. Bd6
Kc6 46. c5 Ra8 47. d5+ Kxd5 48. b7 Ra3+ 49. Ke2 Ra2+ 50. Kf3 Ra3+ 51. Kf4
Rb3 52. b8=Q Rxb8 53. Bxb8 g5+ 54. hxg5 hxg5+ 55. Kf5 g4 56. Bd6 Bd4 57.
Nf6+ Kc6 58. Nxg4 Bxf2 59. Nxf2 Kd5 60. g4 Kc6 61. g5 Kd7 62. g6 Kc6 63. g7
Kd5 64. g8=Q+ {Black resigns} 1-0

[Event "ICCopen2017"]
[Site "Internet Chess Club"]
[Date "2017.03.19"]
[Round "9"]
[White "arshavin2015"]
[Black "LittleMaster"]
[Result "0-1"]
[ICCResult "White resigns"]
[WhiteElo "2020"]
[BlackElo "2325"]
[Opening "Giuoco Pianissimo"]
[ECO "C55"]
[NIC "IG.01"]
[Time "20:49:15"]
[TimeControl "180+0"]

1. e4 e5 2. Bc4 Nc6 3. Nf3 Nf6 4. d3 Bc5 5. c3 d6 6. h3 O-O 7. a3 h6 8. O-O
Bb6 9. Be3 Be6 10. Nbd2 d5 11. exd5 Bxd5 12. Re1 Re8 13. b4 a6 14. Qb3 Bxe3
15. Rxe3 b5 16. Bxd5 Nxd5 17. Re2 Nf4 18. Re3 Nxd3 19. Ne4 Nf4 20. Rd1 Qe7
21. Nc5 Rad8 22. Rde1 Qf6 23. Kh2 Qg6 24. g3 Nd3 25. Nxd3 Rxd3 26. Nxe5 Rxe3
27. Nxg6 Rxe1 28. Nf4 Ne5 29. Kg2 Nc4 30. a4 c6 31. axb5 axb5 32. h4 g6 33.
Qa2 Rd1 34. Qa6 Rd6 35. Qa7 Rf6 36. Qd7 Kf8 37. Qd3 Rd6 38. Qf3 Ne5 39. Qe3
Rf6 40. Qa7 Kg7 41. Qd4 h5 42. Qb6 Nc4 43. Qc5 Re5 44. Qa7 Ref5 45. Qd4 Ne5
46. Qd8 Rxf4 47. gxf4 Rxf4 48. Qd6 Rf5 49. f4 Ng4 50. Qd4+ Kh7 51. Qd7 Rxf4
52. Qxc6 Rf2+ 53. Kg3 Rf5 54. Qd7 Kg7 55. c4 bxc4 56. Qd4+ Nf6 57. Qxc4 Re5
58. b5 Re4 59. Qc3 Re6 60. Qc5 Ne4+ 61. Kf4 Nxc5 62. b6 Nd7 {White resigns}
0-1

[Event "ICCopen2017"]
[Site "Internet Chess Club"]
[Date "2017.03.19"]
[Round "9"]
[White "findles"]
[Black "vbtry3"]
[Result "0-1"]
[ICCResult "White forfeits on time"]
[WhiteElo "1819"]
[BlackElo "1779"]
[Opening "Alekhine's defense: modern variation, 4...Bg4"]
[ECO "B05"]
[NIC "AL.03"]
[Time "20:48:36"]
[TimeControl "180+0"]

1. e4 Nf6 2. e5 Nd5 3. Nf3 d6 4. d4 Bg4 5. Bc4 e6 6. h3 Bh5 7. O-O Nc6 8.
exd6 Bxd6 9. c3 O-O 10. Nbd2 Nf6 11. Re1 h6 12. Bd3 Ne7 13. Qc2 Bg6 14. Ne5
Bxd3 15. Qxd3 c5 16. Ndc4 cxd4 17. Qxd4 Bc7 18. Be3 Nf5 19. Qxd8 Rfxd8 20.
Bc5 b6 21. Ba3 b5 22. Ne3 Nxe3 23. Rxe3 Rd2 24. Rae1 Rad8 25. Nc6 R8d7 26.
Nxa7 Bb6 27. Nxb5 Bxe3 28. Rxe3 Nd5 29. Rf3 Nb6 30. Rf4 e5 31. Re4 f6 32.
Rb4 Nd5 33. Ra4 Nf4 34. c4 Re2 35. Ra8+ Kh7 36. Bc5 Rd1+ 37. Kh2 Ree1 38.
Ra7 Ne2 39. g3 e4 {White forfeits on time} 0-1

[Event "ICCopen2017"]
[Site "Internet Chess Club"]
[Date "2017.03.19"]
[Round "9"]
[White "nurmi"]
[Black "Mamba"]
[Result "1-0"]
[ICCResult "Black forfeits on time"]
[WhiteElo "2279"]
[BlackElo "2568"]
[Opening "English: symmetrical variation"]
[ECO "A16"]
[NIC "EO.64"]
[Time "20:48:38"]
[TimeControl "180+0"]

1. c4 Nf6 2. Nc3 c5 3. g3 d5 4. Bg2 d4 5. Nb1 Nc6 6. d3 Qd6 7. Na3 a6 8. Nf3
e5 9. Nc2 Be7 10. O-O O-O 11. a3 Bf5 12. b4 e4 13. Nh4 Qe6 14. Rb1 Bh3 15.
bxc5 g5 16. Bxg5 Bxg2 17. Nxg2 Ra7 18. Nf4 Qf5 19. Bxf6 Bxf6 20. Nd5 Bg7 21.
Rb6 Kh8 22. dxe4 Qxe4 23. Qd3 Qg4 24. f4 Re8 25. Re1 h5 26. e4 h4 27. Kg2
h3+ 28. Kf2 Re6 29. Ncb4 Nd8 30. Qf3 Qxf3+ 31. Kxf3 f5 32. Nd3 Bf8 33. Rxe6
Nxe6 34. exf5 Nxc5 35. Nxc5 Bxc5 36. Re8+ Kg7 37. f6+ Kf7 38. Rc8 Bxa3 39.
Ke4 b5 40. cxb5 axb5 41. Kxd4 Rd7 42. Rc7 Rxc7 43. Nxc7 Kxf6 44. Nxb5 Bd6
45. Nxd6 Ke6 46. Ne4 {Black forfeits on time} 1-0

[Event "ICCopen2017"]
[Site "Internet Chess Club"]
[Date "2017.03.19"]
[Round "9"]
[White "nr3"]
[Black "lion100"]
[Result "1-0"]
[ICCResult "Black forfeits on time"]
[WhiteElo "1637"]
[BlackElo "1400"]
[Opening "Caro-Kann: advance variation"]
[ECO "B12"]
[NIC "CK.04"]
[Time "20:49:14"]
[TimeControl "180+0"]

1. e4 c6 2. d4 d5 3. e5 Bf5 4. Ne2 e6 5. Ng3 Bg6 6. h4 h6 7. h5 Bh7 8. Bd3
Bxd3 9. Qxd3 c5 10. O-O cxd4 11. f4 Ne7 12. f5 exf5 13. Nxf5 Nxf5 14. Qxf5
Qe7 15. Na3 a6 16. Bd2 Nc6 17. b4 Qe6 18. Qxe6+ fxe6 19. b5 Bxa3 20. bxc6
bxc6 21. Rab1 Rf8 22. Rfe1 c5 23. Rb6 Kd7 24. Reb1 Rfc8 25. Ba5 Ke7 26. Rb7+
Ke8 27. Rxg7 Rab8 28. Rf1 c4 29. Rff7 d3 30. cxd3 cxd3 31. Bd2 Bc5+ 32. Kh2
Bd4 33. Bxh6 Bxe5+ 34. Kh3 Bxg7 35. Rxg7 {Black forfeits on time} 1-0

[Event "ICCopen2017"]
[Site "Internet Chess Club"]
[Date "2017.03.19"]
[Round "9"]
[White "biljanic"]
[Black "carpedef"]
[Result "1-0"]
[ICCResult "Black forfeits on time"]
[WhiteElo "1993"]
[BlackElo "1713"]
[Opening "King's Indian: orthodox, 7...Nbd7"]
[ECO "E94"]
[NIC "KI.12"]
[Time "20:48:39"]
[TimeControl "180+0"]

1. d4 Nf6 2. c4 g6 3. Nc3 Bg7 4. e4 d6 5. Nf3 O-O 6. Be2 Nbd7 7. O-O e5 8.
d5 a5 9. Ne1 Nc5 10. Bg5 h6 11. Bxf6 Bxf6 12. Bg4 Bg7 13. Bxc8 Qxc8 14. Nd3
Nxd3 15. Qxd3 b6 16. a3 f5 17. Rad1 f4 18. Qf3 g5 19. h3 Kh7 20. Ra1 Kg6 21.
Qg4 Qe8 22. h4 Bf6 23. h5+ Kg7 24. b4 axb4 25. axb4 Qe7 26. Nb5 Kh8 27. Na7
Bg7 28. Ra6 f3 29. g3 Qe8 30. Rfa1 Kh7 31. Nb5 Rxa6 32. Rxa6 Qf7 33. Ra7 Qe8
34. Rxc7 Qa8 35. Ra7 Qc8 36. Qxc8 Rxc8 37. Nxd6 Rd8 38. Nf5 Rc8 39. Rxg7+
Kh8 40. g4 Rxc4 41. d6 Rc1+ 42. Kh2 b5 43. Rc7 Rd1 44. d7 Rd2 45. Kg3
{Black forfeits on time}
1-0

[Event "ICCopen2017"]
[Site "Internet Chess Club"]
[Date "2017.03.19"]
[Round "9"]
[White "FGM21"]
[Black "kaens"]
[Result "0-1"]
[ICCResult "White forfeits on time"]
[WhiteElo "1910"]
[BlackElo "2293"]
[Opening "Sicilian: Taimanov (Bastrikov) variation"]
[ECO "B47"]
[NIC "SI.40"]
[Time "20:48:48"]
[TimeControl "180+0"]

1. e4 c5 2. Nf3 Nc6 3. d4 cxd4 4. Nxd4 Qc7 5. Nc3 e6 6. g3 a6 7. Bg2 Nf6 8.
O-O Bc5 9. Be3 Ne5 10. Nce2 h5 11. c3 h4 12. Bg5 hxg3 13. hxg3 Neg4 14. Nf4
Qe5 15. Nf3 Qxe4 16. Nh4 Qe5 17. Bxf6 Nxf6 18. Nd3 Qxg3 19. Nf3 Ba7 20. Re1
Ng4 21. Nd4 Qh4 22. Qf3 Qg5 23. Re4 Nf6 24. Re5 Qg4 25. Qxg4 Nxg4 26. Rg5
Nf6 27. Rxg7 Ke7 28. Re1 Kf8 29. Rg3 d6 30. Rf3 Rh6 31. Rh3 Rxh3 32. Bxh3 e5
33. Nf5 Bxf5 34. Bxf5 Re8 35. Kg2 Nh5 36. Bg4 Ng7 37. Rh1 f5 38. Bh5 Rd8 39.
Bg6 Ke7 40. Bh5 Kf6 41. Be2 Ne6 42. Nb4 Ng5 43. Nd5+ Ke6
{White forfeits on time}
0-1